AoeStats
← Don_Kowa

Arena

509707731Analyzed
2v2 RM · 4d ago on Sep 27, 2026· 67m 35s· 4 players
Game mode
Random Map
Map size
Medium (4 player)
Population
200
Speed
Normal
Resources
Standard
Victory
Conquest
Starting age
Dark Age
Ending age
Imperial Age
RankedLock teamsTeams togetherTeam positionsShared explorationLock speedFull tech treeHidden civsTurbo modeCheats
Victory
Defeat
🇦🇷 Maya · Argentina
626
+12
🇦🇷 Portuguese · Argentina
545
+14
🇺🇸 Gurjaras · United States
524
-21
🇺🇸 Portuguese · United States
524
-21
natnat4444
0:47 Loom
13:22 Feudal Age
15:56 Double-Bit Axe
16:52 Wheelbarrow
16:27 Horse Collar
16:53 Town Watch
18:04 Man-at-Arms
20:06 Forging
25:34 Castle Age
24:22 Gold Mining
25:16 Scale Mail Armor
25:24 Scale Barding Armor
26:40 Bloodlines
26:47 Fletching
27:40 Hand Cart
29:07 Town Patrol
29:09 Stone Mining
31:03 Chain Barding Armor
31:03 Long Swordsman
31:04 Pikeman
32:16 Heavy Plow
32:48 Husbandry
35:55 Murder Holes
36:12 Fortified Wall
35:43 Treadmill Crane
36:14 Gambesons
36:51 Chain Mail Armor
38:49 Iron Casting
43:48 Imperial Age
43:09 Thumb Ring
43:49 Guard Tower
44:21 Ballistics
45:30 Keep
46:00 Chemistry
45:27 Bodkin Arrow
45:35 Padded Archer Armor
45:51 Two-Handed Swordsman
46:19 Arson
49:29 Leather Archer Armor
49:16 Bracer
51:28 Conscription
52:50 Masonry
52:47 Siege Engineers
53:47 Plate Barding Armor
54:14 Blast Furnace
53:05 Sappers
53:39 Circumnavigation
55:07 Bow Saw
55:07 Devotion
56:02 Bombard Tower
56:14 Architecture
58:21 Crop Rotation
60:58 Cavalier
63:10 Two-Man Saw
61:34 Champion
64:23 Plate Mail Armor
Hidden_Python
0:38 Loom
14:51 Feudal Age
16:24 Double-Bit Axe
17:22 Wheelbarrow
19:15 Town Watch
19:21 Horse Collar
20:48 Gold Mining
22:45 Man-at-Arms
23:11 Arson
23:56 Bloodlines
28:21 Castle Age
29:27 Bow Saw
29:36 Forging
29:26 Scale Mail Armor
29:32 Scale Barding Armor
29:27 Padded Archer Armor
29:18 Fletching
29:35 Heavy Plow
31:44 Scale Barding Armor
31:41 Padded Archer Armor
31:42 Scale Mail Armor
31:32 Fletching
32:19 Iron Casting
34:59 Leather Archer Armor
44:49 Bodkin Arrow
45:49 Chain Mail Armor
47:39 Hand Cart
49:34 Town Patrol
49:24 Treadmill Crane
50:05 Ballistics
50:28 Guard Tower
55:20 Husbandry
56:25 Chain Mail Armor
57:24 Fortified Wall
58:47 Caravan
60:08 Masonry
60:29 Chain Barding Armor
65:03 Coinage
64:45 Crossbowman
65:31 Thumb Ring
64:47 Elite Skirmisher
64:51 Long Swordsman
federicoscherma
3:27 Loom
10:58 Feudal Age
11:53 Horse Collar
15:43 Double-Bit Axe
18:02 Castle Age
18:08 Stone Mining
22:46 Wheelbarrow
22:00 Town Watch
26:43 Light Cavalry
27:34 Bloodlines
40:51 Imperial Age
41:09 Caravan
41:31 Hand Cart
43:40 Fletching
44:02 Forging
45:03 Arquebus
47:44 Town Patrol
48:47 Cavalier
49:27 Husbandry
51:55 Elite Organ Gun
53:47 Iron Casting
53:14 Scale Mail Armor
54:09 Capped Ram
56:34 Circumnavigation
56:55 Conscription
58:22 Blast Furnace
57:41 Chain Mail Armor
57:32 Scale Barding Armor
57:30 Bodkin Arrow
57:40 Padded Archer Armor
57:22 Pikeman
60:05 Halberdier
60:30 Arson
61:16 Man-at-Arms
61:42 Gambesons
61:53 Long Swordsman
63:33 Two-Handed Swordsman
65:21 Champion
Don_Kowa
0:27 Loom
12:10 Feudal Age
14:14 Wheelbarrow
13:28 Double-Bit Axe
13:55 Gold Mining
13:47 Horse Collar
17:26 Wheelbarrow
18:33 Fletching
18:44 Padded Archer Armor
21:56 Castle Age
22:25 Stone Mining
28:15 Heavy Plow
30:10 Fervor
30:30 Hand Cart
32:18 Forging
32:09 Scale Mail Armor
35:57 Imperial Age
34:17 Bodkin Arrow
34:38 Leather Archer Armor
34:42 Pikeman
35:08 Arson
34:47 Elite Skirmisher
36:52 Ballistics
36:43 Fortified Wall
36:46 Masonry
36:16 Treadmill Crane
36:32 Murder Holes
37:34 Iron Casting
37:15 Chain Mail Armor
38:02 Caravan
38:42 Conscription
37:48 Crossbowman
38:33 Thumb Ring
39:43 Town Watch
40:30 Ring Archer Armor
40:00 Bracer
41:01 Blast Furnace
40:38 Bow Saw
41:33 Chemistry
41:04 Architecture
42:48 Coinage
42:28 Guilds
43:22 Stone Shaft Mining
42:34 Onager
43:43 Town Patrol
43:35 Capped Ram
45:07 Plate Mail Armor
44:43 Squires
44:04 Man-at-Arms
46:40 Elite Plumed Archer
47:21 Hul'che Javelineers
46:51 Sappers
50:18 Two-Man Saw
49:54 Crop Rotation
52:51 Atonement
52:51 Devotion
52:47 Herbal Medicine
53:27 Theocracy
53:13 Heresy
53:13 Sanctity
53:09 Block Printing
53:19 Shipwright
53:36 Banking
54:32 Holcans
54:38 Hoardings
54:45 Hoardings
53:47 Siege Ram
56:06 Heavy Scorpion
56:14 Halberdier
56:15 Eagle Warrior
56:17 Long Swordsman
56:21 Arbalester
56:57 Heated Shot
56:57 Guard Tower
57:28 Shipwright
57:18 Clinker Construction
57:19 Careening
58:38 Two-Handed Swordsman
58:53 Elite Eagle Warrior
Connection lost

Rejoining the realm…

Still unreachable

The connection could not be restored.

Session expired

The server has moved on; the page needs a fresh start.